 Dungeon Crawl Stone Soup version 0.31.0-11-ge490571c62 (webtiles) character file.

Game seed: 3524044046851693061

728 EonDragon20 the Mimic (level 7, -3/48 HPs)
             Began as a Merfolk Shapeshifter on Feb 6, 2024.
             Killed by divine providence
             ... invoked by an orc priest
              (12 damage)
             ... on level 5 of the Dungeon.
             The game lasted 00:11:29 (4331 turns).

EonDragon20 the Mimic (Merfolk Shapeshifter)        Turns: 4331, Time: 00:11:30

Health: -3/48      AC:  0    Str: 15    XL:     7   Next: 72%
Magic:  7/7        EV: 17    Int:  9    God:
Gold:   278        SH:  0    Dex: 15    Spells: 6/6 levels left

rFire   . .          .
                       - Unarmed
rCold   . . .        (shield currently unavailable)
rNeg    . . .        a - melded +0 animal skin
rPois   .            (no helmet)
rElec   .            (no cloak)
rCorr   +            (no gloves)
SInv    .            (no boots)
Will    .....        l - amulet of the acrobat
Stlth   +            k - ring of resist corrosion
HPRegen 0.28/turn    (no ring)
MPRegen 0.10/turn

%: acrobat
@: flux-form, glowing
A: glow, contaminating, (nimble swimmer 2), mertail
a: Begin Untransformation


You were on level 5 of the Dungeon.
You were something dangerously unstable.
You visited 1 branch of the dungeon, and saw 5 of its levels.

You collected 278 gold pieces.

Inventory:

Armour
 a - a +0 animal skin (melded)
Jewellery
 f - a +4 ring of protection
 h - an amulet of guardian spirit
 k - a ring of resist corrosion (left hand)
 l - an amulet of the acrobat (around neck)
Talismans
 c - a beast talisman
 d - a flux talisman (active)
 e - a blade talisman
Scrolls
 n - a scroll of amnesia
 o - a scroll of enchant weapon {unknown}
Potions
 b - 2 potions of lignification
 g - a potion of resistance {unknown}
 i - 4 potions of mutation
 j - 3 potions of curing
 m - a potion of enlightenment {unknown}
 p - a potion of might {unknown}


   Skills:
 * Level 1.4 Fighting
 * Level 2.9 Dodging
 - Level 7.1 Unarmed Combat
 * Level 8.0 Shapeshifting


You had 6 spell levels left.
You didn't know any spells.
Your spell library contained the following spells:

 Spells                   Type           Power      Damage    Failure   Level
 Blink                    Tloc           0%         N/A       52%         2
 Lesser Beckoning         Tloc           0%         N/A       52%         2
 Momentum Strike          Conj/Tloc      0%         3d8       52%         2
 Sublimation of Blood     Necr           0%         N/A       52%         2
 Dazzling Flash           Conj/Hex       0%         N/A       77%         3
 Mephitic Cloud           Conj/Alch/Air  0%         N/A       77%         3
 Petrify                  Alch/Erth      0%         N/A       99%         4
 Curse of Agony           Necr           0%         N/A       100%        5
 Irradiate                Conj/Alch      0%         3d11      100%        5
 Silence                  Hex/Air        0%         N/A       100%        5


Dungeon Overview and Level Annotations

Branches:
Dungeon (5/15)
 Temple: D:4-7

Altars:
Ru

Annotations:
D:2 1 runed translucent door, Crazy Yiuf


Innate Abilities, Weirdness & Mutations

You are something dangerously unstable.
You glow with magical radiation, making you easy to see and hit.
Foes you strike become dangerously contaminated with magical radiation.
You are incapable of wielding weapons or throwing items.
((You are very nimble when in or above water. (Stealth+, EV+, Speed+++)))
Your lower body shifts to a powerful aquatic tail in water.


Message History

An orc priest comes into view. It is wielding a +0 club.
The orc priest shouts!
The orc completely misses you. The orc barely misses you.
The orc attacks as it pursues you! The orc misses you.
The orc priest invokes the aid of Beogh against you.
Beogh smites you! The orc attacks as it pursues you!
The orc closely misses you.
You hit the orc.
The orc begins to glow.
The orc is almost dead.
The orc hits you with a +0 short sword.
You punch the orc!
You kill the orc!
You barely miss the orc. The orc misses you.
You barely miss the orc. The orc barely misses you.
You hit the orc but do no damage.
The orc begins to glow.
The orc priest begins to cast a cantrip, but forgets the words!
The orc completely misses you.
The orc priest invokes the aid of Beogh against you.
Pain shoots through your body!
Things that are here:
a +0 short sword; a +0 ring mail; an orc corpse You closely miss the orc priest.
The orc misses you.
The orc priest invokes the aid of Beogh against you.
Beogh smites you!
* * * LOW HITPOINT WARNING * * *
You hit the orc priest but do no damage.
The orc priest begins to glow.
The orc misses you.
You hit the orc priest.
The orc priest glows dangerously bright.
The orc priest is lightly wounded.
The orc priest hits you with a +0 club.
* * * LOW HITPOINT WARNING * * *
The orc closely misses you.
You barely miss the orc priest.
The orc priest is lightly wounded.
The orc stops glowing.
The orc priest invokes the aid of Beogh against you.
Beogh smites you!
You die...

.#.###...##.#.######
...................#
.##.##...####.#....#
........... #.#....#
....#######.#.#....#
# ... #.#....###.###
.. #.#..........# .
..#..o.......#
#.#op........#
#.#.######.### #.#
.# #.# # #.######
#......#
..>###......#
#..........#
#.####o....#.#


You could see an orc priest (heavy contam) and an orc.

Vanquished Creatures
  Sigmund (D:2)
  A centaur (D:4)
  A scorpion (D:4)
  A howler monkey (D:4)
  A hound (D:4)
  3 bombardier beetles (D:4)
  2 orc priests
  3 orc wizards (D:4)
  3 adders
  3 dart slugs
  3 ribbon worms
  13 orcs
  5 endoplasms
  A giant cockroach (D:3)
  7 goblins
  10 hobgoblins
  2 jackals (D:5)
  2 quokkas
  6 ball pythons
  4 bats
  4 frilled lizards
  4 kobolds
  4 rats
84 creatures vanquished.

Notes
Turn   | Place    | Note
-------+----------+-------------------------------------------
     0 | D:1      | EonDragon20 the Merfolk Shapeshifter began the quest for
                  | the Orb.
     0 | D:1      | Reached XP level 1. HP: 15/15 MP: 1/1
   262 | D:1      | Reached XP level 2. HP: 20/21 MP: 2/2
  1093 | D:2      | Reached XP level 3. HP: 26/26 MP: 3/3
  1193 | D:2      | Found a runed translucent door.
  1194 | D:2      | Noticed Crazy Yiuf
  1240 | D:2      | Noticed Sigmund
  1376 | D:2      | Killed Sigmund
  1377 | D:2      | Reached skill level 5 in Unarmed Combat
  1377 | D:2      | Reached skill level 6 in Shapeshifting
  1377 | D:2      | Reached XP level 4. HP: 22/32 MP: 4/4
  1377 | D:2      | Reached XP level 5. HP: 25/37 MP: 5/5
  2070 | D:3      | Reached XP level 6. HP: 43/43 MP: 6/6
  2970 | D:4      | Found a sacrificial altar of Ru.
  3008 | D:4      | Reached skill level 7 in Shapeshifting
  3624 | D:4      | Reached XP level 7. HP: 14/48 MP: 7/7
  3990 | D:4      | Reached skill level 8 in Shapeshifting
  4096 | D:5      | Entered Level 5 of the Dungeon
  4331 | D:5      | Killed from afar by an orc priest

Illustrated notes

Levels and vault maps discovered:
D:1:      minmay_arrival_radiant_lines, layout_loops_ring,
          minmay_misc_feat_diagonals, serial_bayou_pond_e, hex_tiny,
          nicolae_concentric_dashed_squares_wild, dreamdust_princess_corridor
D:2:      layout_rooms, uniq_crazy_yiuf_cottage, uniq_sigmund
D:3:      layout_rooms, dk_vineyard_1
D:4:      cheibrodos_barr_body, layout_basic, hangedman_ru_absence
D:5:      layout_basic, kiku_gazebo_garden_becter, nzn_hepliaklqana_mist_gate

Skill      XL: |  1  2  3  4  5  6  7 |
---------------+----------------------+-----
Unarmed Combat | 5 6 7 |  7.1
Shapeshifting  | 6 7 8 |  8.0
Fighting       | |  1.4
Dodging        | |  2.9

Action                     |  1- 3 |  4- 6 |  7- 9 || total
---------------------------+-------+-------+-------++-------
  Melee: Unarmed           |    66 |   140 |    62 ||   268
         Punch             |     1 |     2 |       ||     3
    Use: Scroll            |     5 |     2 |       ||     7
         Potion            |       |     5 |       ||     5
   Stab: Sleeping          |     1 |     2 |       ||     3
 Armour: Animal skin       |    24 |    53 |       ||    77
         Skin              |       |   113 |    16 ||   129
  Dodge: Dodged            |    34 |    85 |    56 ||   175
   Form: Flux              |       |     1 |       ||     1
